AoeStats
← Like_2_win2

Black Forest

510183175Analyzed
2v2 RM · 2d ago on Sep 29, 2026· 60m 38s· 4 players
Game mode
Random Map
Map size
Medium (4 player)
Population
200
Speed
Normal
Resources
Standard
Victory
Conquest
Starting age
Dark Age
Ending age
Imperial Age
RankedLock teamsTeams togetherTeam positionsShared explorationLock speedFull tech treeHidden civsTurbo modeCheats
Victory
Defeat
🇨🇦 Bohemians · Canada
804
+17
🇨🇴 Lithuanians · Colombia
773
+17
🇩🇰 Danes · Denmark
819
-17
🇮🇳 Franks · India
817
-17
TinselFan831357
11:29 Feudal Age
15:05 Loom
15:41 Double-Bit Axe
16:42 Man-at-Arms
18:49 Horse Collar
19:35 Horse Collar
25:04 Castle Age
23:15 Stone Mining
26:22 Wheelbarrow
27:06 Bow Saw
27:39 Fervor
27:49 Sanctity
28:54 Heavy Plow
30:23 Town Watch
31:31 Hand Cart
32:15 Gold Mining
33:01 Stone Shaft Mining
34:46 Town Patrol
38:09 Imperial Age
35:16 Light Cavalry
36:06 Scale Barding Armor
36:32 Bloodlines
37:07 Treadmill Crane
37:38 Fortified Wall
38:07 Caravan
38:49 Hill Forts
39:12 Conscription
39:03 Tower Shields
39:43 Hoardings
39:30 Chain Barding Armor
39:51 Crop Rotation
40:25 Two-Man Saw
40:13 Husbandry
41:27 Plate Barding Armor
40:19 Elite Skirmisher
41:10 Thumb Ring
41:09 Padded Archer Armor
41:00 Fletching
41:10 Padded Archer Armor
41:14 Fishing Lines
41:31 Winged Hussar
41:33 Cavalier
43:36 Chemistry
42:48 Masonry
42:35 Murder Holes
43:04 Ballistics
45:41 Gillnets
46:02 Elite Leitis
48:00 Architecture
49:45 Pikeman
50:31 Squires
50:45 Forging
50:35 Scale Mail Armor
50:24 Halberdier
52:10 Coinage
51:51 Guilds
52:44 Iron Casting
52:09 Scale Mail Armor
52:05 Bodkin Arrow
52:25 Leather Archer Armor
57:27 Paladin
Cereal_Farmer
11:55 Feudal Age
13:20 Double-Bit Axe
13:52 Horse Collar
18:34 Man-at-Arms
20:06 Forging
25:07 Castle Age
26:34 Heavy Plow
27:11 Fletching
31:06 Imperial Age
29:14 Wheelbarrow
31:16 Fervor
32:28 Chemistry
33:14 Sanctity
32:43 Loom
33:45 Squires
33:06 Pikeman
35:05 Caravan
35:12 Bodkin Arrow
35:53 Iron Casting
35:19 Scale Mail Armor
35:44 Bow Saw
38:38 Wagenburg Tactics
38:45 Siege Engineers
39:09 Hand Cart
39:13 Bracer
40:15 Elite Hussite Wagon
40:35 Halberdier
43:46 Murder Holes
44:01 Masonry
43:39 Arrowslits
45:07 Two-Man Saw
49:04 Architecture
48:45 Fortified Wall
59:48 Houfnice
devil
1:00 Loom
14:00 Feudal Age
15:00 Man-at-Arms
19:46 Wheelbarrow
18:56 Town Watch
24:24 Castle Age
23:42 Double-Bit Axe
34:45 Imperial Age
33:16 Gold Mining
33:17 Stone Mining
34:17 Caravan
35:14 Bow Saw
35:16 Husbandry
37:08 Chemistry
36:08 Town Watch
37:15 Light Cavalry
38:46 Forging
38:41 Scale Barding Armor
40:08 Wheelbarrow
41:02 Cavalier
43:57 Chivalry
50:18 Paladin
53:16 Scale Mail Armor
56:42 Pikeman
Like_2_win2
0:32 Loom
14:16 Feudal Age
15:35 Wheelbarrow
15:32 Double-Bit Axe
15:52 Horse Collar
17:21 Gold Mining
21:21 Castle Age
19:45 Stone Mining
22:30 Hand Cart
23:33 Heavy Plow
25:10 Bow Saw
27:27 Stone Shaft Mining
32:50 Imperial Age
32:15 Gold Shaft Mining
31:54 Caravan
33:45 Gambesons
33:22 Elite Varangian Guard
34:03 Town Watch
36:03 Forging
35:54 Padded Archer Armor
37:29 Squires
37:13 Hamask
38:34 Iron Casting
40:47 Chemistry
40:21 Onager
41:43 Town Patrol
42:55 Blast Furnace
42:11 Leather Archer Armor
43:09 Scale Mail Armor
43:03 Elite Jomsviking
43:41 Arson
49:07 Chain Mail Armor
49:24 Ring Archer Armor
49:34 Hoardings
52:51 Heavy Scorpion
54:48 Plate Mail Armor
54:10 Fletching
55:45 Siege Engineers
55:51 Masonry
56:28 Siege Onager
57:23 Bodkin Arrow
Connection lost

Rejoining the realm…

Still unreachable

The connection could not be restored.

Session expired

The server has moved on; the page needs a fresh start.